 Dungeon Crawl Stone Soup version 0.28-a0-1236-gb25a51b929 (webtiles) character file.

Game seed: 9559448413736759614

1315 porpoise the Fighter (level 8, -2/78 HPs)
             Began as a Minotaur Chaos Knight on Dec 25, 2021.
             Was a Plaything of Xom.
             Slain by a wraith (17 damage)
             ... on level 5 of the Dungeon.
             The game lasted 00:11:45 (4633 turns).

porpoise the Fighter (Minotaur Chaos Knight)        Turns: 4633, Time: 00:11:45

Health: -2/78      AC: 11    Str: 19    XL:     8   Next: 33%
Magic:  7/7        EV: 11    Int:  9    God:    Xom [.*....]
Gold:   327        SH:  5    Dex: 10    Spells: 7/7 levels left

rFire   . . .      SeeInvis .   a - +0 hand axe (chaos)
rCold   . . .      Faith    .   (no shield)
rNeg    . . .      Spirit   .   f - +4 ring mail
rPois   .          Reflect  +   (helmet restricted)
rElec   .          Harm     .   (no cloak)
rCorr   .          Rampage  .   (no gloves)
Will    .....                   (no boots)
Stlth   ..........              o - amulet of reflection
HPRegen 1.03/turn               (no ring)
MPRegen 0.10/turn               (no ring)

@: slowed, very slow
A: horns 2, retaliatory headbutt, iridescent scales 1, regeneration 1
a: Renounce Religion


You were on level 5 of the Dungeon.
You worshipped Xom.
You were a plaything of Xom.
You visited 1 branch of the dungeon, and saw 5 of its levels.
You also visited: Sewer.

You collected 327 gold pieces.

Inventory:

Hand Weapons
 a - a +0 hand axe of chaos (weapon)
 b - a +0 hunting sling
 p - a +0 arbalest
Missiles
 c - 122 stones
 e - 16 poisoned darts
 g - 37 arrows
 i - 23 bolts
 v - a throwing net (quivered)
 y - 30 sling bullets
Armour
 f - a +4 ring mail (worn)
Jewellery
 d - the ring "Heepyes" {rF- MP+9 Dex+4}
   (You found it on level 5 of the Dungeon)

   [ring of magical power]

   Dex:       It affects your dexterity (+4).
   rF:        It makes you vulnerable to fire.
   MP:        It affects your magic capacity (+9).
 o - an amulet of reflection (around neck)
 q - an amulet of magic regeneration
 t - an amulet of guardian spirit
 x - a ring of protection from cold
Scrolls
 w - a scroll of teleportation
Potions
 k - 2 potions of magic
 l - 2 potions of heal wounds
 n - a potion of berserk rage
 r - a potion of attraction
 s - a potion of brilliance
 u - a potion of degeneration


   Skills:
 - Level 9.0 Fighting
 - Level 8.0 Axes
 + Level 4.1 Armour
 + Level 4.0 Dodging


You had 7 spell levels left.
You didn't know any spells.
Your spell library contained the following spells:

 Spells                   Type           Power      Damage    Failure   Level
 Gell's Gravitas          Tloc           0%         N/A       90%         3
 Lesser Beckoning         Tloc           0%         N/A       90%         3
 Teleport Other           Tloc           0%         N/A       90%         3


Dungeon Overview and Level Annotations

Branches:
Dungeon (5/15)              Sewer (visited)
 Temple: D:4-7

Altars:
Ashenzari

Shops:
D:4 =


Innate Abilities, Weirdness & Mutations

You have a pair of horns on your head.
You reflexively headbutt those who attack you in melee.
You are partially covered in iridescent scales. (AC +2)
Your natural rate of healing is unusually fast.


Message History

The wraith is heavily damaged.
The wraith hits you but does no damage. The wraith hits you!
The wraith drains your vigour!
You feel as though you will be slow longer.
You closely miss the wraith.
The wraith is heavily damaged.
The wraith hits you.
You hit the wraith but do no damage. Your headbutt misses the wraith.
The wraith is heavily damaged.
The wraith hits you! The wraith drains your vigour!
You feel as though you will be slow longer.
You slash the wraith! You burn the wraith.
The wraith is almost destroyed.
The wraith closely misses you. The wraith hits you!
* * * LOW HITPOINT WARNING * * *
You hit the wraith but do no damage. Your headbutt misses the wraith.
The wraith is almost destroyed.
The wraith closely misses you.
You closely miss the wraith.
You headbutt the wraith, but do no damage.
The wraith is almost destroyed.
The wraith barely misses you.
You barely miss the wraith. Your headbutt misses the wraith.
The wraith is almost destroyed.
The wraith barely misses you. You furiously retaliate!
You headbutt the wraith, but do no damage.
You block the wraith's attack.
You closely miss the wraith.
The wraith is almost destroyed.
The wraith closely misses you.
You closely miss the wraith.
The wraith is almost destroyed.
The wraith hits you!
* * * LOW HITPOINT WARNING * * *
The wraith drains your vigour!
You feel as though you will be slow longer.
You barely miss the wraith. Your headbutt misses the wraith.
The wraith is almost destroyed.
The wraith hits you!
You die...

####.###....########..#
#..................#######
#.##.##.....#.#.^#.'...[.#
##.##.##.....#..##..#.#.#.#
#.>...##.##..#..##..#..#..#
#§§#####.##.##.#..#.#.#.#.#
#§§#####.##.##......#.....#
#§§.........############'##
#§##[#####...#..@..[#..).#
#.##.##)†....#.W#.#.#.##.#
#......)##.####'#...†.##.#
####.#####.# #|#####....#
#.# #.# ### ###### #.. ..#
#### ###


You could see a wraith (strong, agile).

Vanquished Creatures
  Grinder (D:4)
  A black bear (D:4)
  Pargi (Sewer)
  2 necrophages
  An ogre (D:4)
  2 scorpions (D:5)
  A water moccasin zombie (D:5)
  A centaur zombie (D:5)
  2 hounds (D:5)
  A jelly (D:5)
  2 bullfrog skeletons
  An iguana (D:5)
  2 orc wizards
  A hound skeleton (D:4)
  7 gnolls
  A river rat (D:3)
  7 adders
  A shadow imp (D:5)
  An ufetubus (D:5)
  An adder skeleton (D:4)
  2 dart slugs
  3 orcs (D:4)
  7 ball pythons
  11 bats
  8 endoplasms
  4 giant cockroaches
  8 goblins
  6 hobgoblins
  3 jackals (D:3)
  2 frilled lizards
  8 kobolds
  15 rats
114 creatures vanquished.

Vanquished Creatures (others)
  A killer bee (D:5)
1 creature vanquished.

Grand Total: 115 creatures vanquished

Notes
Turn   | Place    | Note
-------+----------+-------------------------------------------
     0 | D:1      | porpoise the Minotaur Chaos Knight began the quest for the
                  | Orb.
     0 | D:1      | Reached XP level 1. HP: 19/19 MP: 0/0
   143 | D:1      | XOM: divination: magic mapping
   238 | D:1      | Reached skill level 4 in Fighting
   241 | D:1      | Reached XP level 2. HP: 23/27 MP: 1/1
   669 | D:1      | XOM: silly message
   819 | D:1      | XOM: silly message
  1002 | D:2      | XOM: silly message
  1038 | D:2      | Reached XP level 3. HP: 27/34 MP: 2/2
  1060 | D:2      | XOM: silly message
  1308 | D:2      | XOM: confuse monster(s)
  1422 | D:2      | Reached XP level 4. HP: 41/41 MP: 3/3
  1550 | D:2      | XOM: divination: detect creatures
  1570 | D:2      | Reached skill level 5 in Fighting
  1570 | D:2      | Reached skill level 5 in Axes
  1570 | D:2      | XOM: god gift: 16 gold pieces
  1793 | D:2      | XOM: draining
  1838 | D:2      | Found a faded altar of an unknown god.
  2060 | D:3      | Found a glowing drain.
  2117 | D:3      | Reached XP level 5. HP: 31/46 MP: 4/4
  2121 | Sewer    | Entered a sewer
  2156 | Sewer    | XOM: summons 1 hostile demon
  2251 | Sewer    | XOM: scenery: create altars
  2278 | Sewer    | Noticed Pargi
  2284 | Sewer    | XOM: confuse monster(s)
  2288 | Sewer    | Killed Pargi
  2289 | Sewer    | Reached skill level 6 in Fighting
  2493 | D:3      | XOM: smoke on damage
  2676 | D:3      | XOM: cloud trail
  2862 | D:3      | XOM: polymorph dart slug -> endoplasm
  2867 | D:3      | Reached XP level 6. HP: 54/57 MP: 5/5
  3148 | D:3      | XOM: cloud trail
  3301 | D:3      | XOM: smoke on damage
  3427 | D:4      | Reached skill level 7 in Fighting
  3464 | D:4      | Reached XP level 7. HP: 66/66 MP: 6/6
  3524 | D:4      | Noticed Grinder
  3537 | D:4      | Found a broken altar of Ashenzari.
  3551 | D:4      | Paralysed by Grinder for 7 turns
  3566 | D:4      | Killed Grinder
  3580 | D:4      | XOM: 6-stop teleportation journey
  3691 | D:4      | XOM: scenery: summon butterflies
  3732 | D:4      | XOM: 2-stop teleportation journey
  3774 | D:4      | Reached skill level 8 in Fighting
  3949 | D:4      | Found Heotzo's One-of-a-Kind Rings.
  3982 | D:4      | XOM: give mutations
  3982 | D:4      | Gained mutation: Your natural rate of healing is unusually
                  | fast. [Xom's grace]
  3982 | D:4      | Gained mutation: You are partially covered in iridescent
                  | scales. (AC +2) [Xom's grace]
  3997 | D:4      | XOM: 1-stop teleportation journey
  4206 | D:4      | XOM: god gift: scroll labelled LAAGOU UBLOKHY {god gift}
  4378 | D:5      | Entered Level 5 of the Dungeon
  4470 | D:5      | Identified the ring "Heepyes" {rF- MP+9 Dex+4}
  4495 | D:5      | Noticed a wraith
  4504 | D:5      | Reached skill level 9 in Fighting
  4504 | D:5      | Reached XP level 8. HP: 70/78 MP: 7/7
  4553 | D:5      | XOM: enchant monster (good)
  4633 | D:5      | Slain by a wraith

Illustrated notes

Levels and vault maps discovered:
D:1:      dpeg_arrival_ratfight, layout_basic, serial_park_tiny_2,
          serial_park_tiny_pond, st_stairs_6
D:2:      layout_basic, dreamdust_ecumenical_altar_angels_and_demons
D:3:      minmay_wonky_spiral, layout_basic, gup_sewer_entry_glass,
          serial_park_tiny_2, skrybe_limestone_x
D:4:      layout_loops_ring, mainiacjoe_overflow_chevrons, dk_noncrumbling_3,
          nicolae_shop_unique_rings, uniq_grinder
D:5:      minmay_clustersquares, layout_loops_cross, minmay_shop_mayhem,
          uniq_eustachio

Skill      XL: |  1  2  3  4  5  6  7  8 |
---------------+-------------------------+-----
Fighting       | 4 5 6 7 9 |  9.0
Axes           | 4 5 6 7 8 |  8.0
Dodging        | 2 4 |  4.0
Armour         | 4 |  4.1

Action                   |  1- 3 |  4- 6 |  7- 9 || total
-------------------------+-------+-------+-------++-------
Melee: Hand axe          |    88 |   101 |   147 ||   336
       Headbutt          |     9 |    24 |    28 ||    61
  Use: Scroll            |       |       |    10 ||    10
 Stab: Paralysed         |       |     2 |       ||     2
Armor: Leather armour    |    11 |       |       ||    11
       Ring mail         |    17 |    46 |    60 ||   123
Dodge: Dodged            |    43 |    59 |    60 ||   162
Block: Other             |       |    10 |    26 ||    36

Table legend: (Time is in decaauts)
 A = Elapsed time spent in this place.
 B = Non-inter-level travel time spent in this place.
 C = Inter-level travel time spent in this place.
 D = Time resting spent in this place.
 E = Time spent auto-exploring this place.
 F = Levels seen in this place.
 G = Mean time per level.
                   A        B        C        D        E       F      G
               +--------+--------+--------+--------+--------+-----+--------+
         Total |   4633 |   4499 |    134 |    871 |   2762 |   6 |  772.2 |
       Dungeon |   4389 |   4255 |    134 |    754 |   2738 |   5 |  877.8 |
         Sewer |    243 |    243 |      0 |    117 |     24 |   1 |  243.0 |
               +--------+--------+--------+--------+--------+-----+--------+

Top non-repeatable levels by time:
     D:2: 1157 daAuts
     D:3: 1052 daAuts
     D:4: 1017 daAuts
     D:1: 910 daAuts
     D:5: 251 daAuts
   Sewer: 243 daAuts
